[Event "Titled Tuesday Blitz August 08 Late 2023"]
[White "Deng, Henry"]
[Black "Talbi, Chafik"]
[WhiteFideId "30965454"]
[BlackFideId "7903715"]
[WhiteElo "2571"]
[BlackElo "2309"]
[Result "1-0"]
[Round "1"]
[TimeControl "180+1"]
[Date "2023.08.08"]
[WhiteClock "0:01:26"]
[BlackClock "0:00:00"]
[Board "142"]

1. e4 c6 2. d4 d5 3. Nc3 dxe4 4. Nxe4 Nf6 5. Nxf6+ exf6 6. c3 Bd6 7. Bd3 O-O 8. Qc2 Re8+ 9. Ne2 h6 10. O-O Nd7 11. Bd2 Nf8 12. Rae1 Be6 13. f4 Bg4 14. h3 Bd7 15. f5 Qc7 16. Qd1 a6 17. Nf4 Rxe1 18. Qxe1 Re8 19. Qh4 Nh7 20. Nh5 Ng5 21. Qg4 Bf8 22. h4 Nh7 23. Bxh6 g6 24. Bxf8 Kxf8 25. Nf4 Re3 26. Qd1 g5 27. hxg5 Nxg5 28. Qd2 Rg3 29. Qf2 Qxf4 30. Qxf4 Nh3+ 31. Kh2 Nxf4 32. Kxg3 Nxd3 33. b3 c5 34. a3 cxd4 35. cxd4 a5 36. Kf3 Bc6+ 37. Ke3 a4 38. bxa4 Nb2 39. Rb1 Nxa4 40. Rc1 Bxg2 41. Kd3 Nb6 42. Rb1 Nd7 43. Kc4 Nb8 44. d5 Nd7 45. Kd4 b6 46. Rc1 Ke7 47. a4 1-0


[Site "https://www.chess.com"]

[Event "Titled Tuesday Blitz August 08 Late 2023"]
[White "UgarteCesar"]
[Black "Musovic, Armin"]
[BlackFideId "939935"]
[WhiteElo "2306"]
[BlackElo "2570"]
[Result "0-1"]
[Round "1"]
[TimeControl "180+1"]
[Date "2023.08.08"]
[WhiteClock "0:00:06"]
[BlackClock "0:00:57"]
[Board "143"]

1. d4 d5 2. Bf4 c5 3. e3 cxd4 4. exd4 Nc6 5. c3 f6 6. Nf3 g5 7. Bg3 h5 8. h4 g4 9. Nfd2 Bh6 10. Bb5 a6 11. Bxc6+ bxc6 12. Qe2 Qb6 13. Nb3 Qb5 14. Qd1 a5 15. Na3 Qa4 16. O-O Ba6 17. Re1 Bc4 18. Bd6 Kf7 19. Bg3 f5 20. Be5 Nf6 21. Bxf6 exf6 22. Nxc4 dxc4 23. Nd2 Qxd1 24. Raxd1 Bxd2 25. Rxd2 Rhe8 26. Rde2 Rxe2 27. Rxe2 Rb8 28. Kf1 a4 29. a3 f4 30. Ke1 f3 31. gxf3 gxf3 32. Re3 Rxb2 33. Rxf3 Ra2 34. Rf5 Rxa3 35. Rxh5 Rxc3 36. Ra5 a3 37. Ke2 Rb3 38. Kd2 Kg6 39. h5+ Kh6 40. Kc2 Rf3 41. Kd1 f5 42. Ke2 Rf4 43. Rxa3 Rxd4 44. Ra6 Kxh5 45. Rxc6 Kg4 46. Ke3 Re4+ 47. Kd2 Kf3 48. Rf6 f4 49. Kc2 Kxf2 50. Kd2 f3 51. Rf5 Kg2 52. Rg5+ Kf1 53. Rf5 f2 54. Rf6 Kg2 55. Rg6+ Kf3 0-1


[Site "https://www.chess.com"]

[Event "Titled Tuesday Blitz August 08 Late 2023"]
[White "Krishnan, Varun"]
[Black "GAO"]
[WhiteFideId "5054508"]
[WhiteElo "2569"]
[BlackElo "2295"]
[Result "1-0"]
[Round "1"]
[TimeControl "180+1"]
[Date "2023.08.08"]
[WhiteClock "0:01:28"]
[BlackClock "0:01:57"]
[Board "144"]

1. d4 Nf6 2. c4 e6 3. Nf3 Bb4+ 4. Nbd2 O-O 5. e3 d6 6. Bd3 Nc6 7. O-O Bxd2 8. Bxd2 e5 9. d5 Ne7 10. e4 Nd7 11. b4 a5 12. a3 f5 13. Qc2 f4 14. c5 Nf6 15. Rfc1 Qe8 16. cxd6 cxd6 17. Qc7 Qh5 18. Qxe7 Bg4 19. Ne1 f3 20. g3 Qh3 21. Bf1 Qh5 22. Rc7 Ne8 23. Rxb7 axb4 24. Bxb4 Bh3 25. Bxh3 Qxh3 26. Qe6+ Qxe6 27. dxe6 1-0


[Site "https://www.chess.com"]

[Event "Titled Tuesday Blitz August 08 Late 2023"]
[White "Fajdetic, Hrvoje"]
[Black "Ambartsumova, Karina"]
[WhiteFideId "14501945"]
[BlackFideId "4166299"]
[WhiteElo "2295"]
[BlackElo "2566"]
[Result "0-1"]
[Round "1"]
[TimeControl "180+1"]
[Date "2023.08.08"]
[WhiteClock "0:00:03"]
[BlackClock "0:01:03"]
[Board "145"]

1. d4 g6 2. Nc3 d5 3. Bf4 Nf6 4. e3 Bg7 5. h4 h5 6. Nf3 O-O 7. Qd2 c5 8. O-O-O cxd4 9. exd4 Nc6 10. Ne5 Qa5 11. Bh6 Bf5 12. a3 Rac8 13. Bxg7 Kxg7 14. Nxc6 Rxc6 15. f3 Rfc8 16. Re1 Rxc3 17. bxc3 Qxa3+ 18. Kd1 Rxc3 19. Re2 Rxc2 20. Qxc2 Bxc2+ 21. Rxc2 Qa1+ 22. Ke2 Qxd4 23. g3 Ne4 24. fxe4 Qxe4+ 25. Kd2 Qxh1 26. Bd3 Qh2+ 27. Kc3 Qxg3 28. Rb2 b6 29. Re2 e5 30. Kd2 e4 31. Ba6 Qf4+ 32. Kd1 d4 33. Bb7 e3 34. Ba6 Qe4 35. Rc2 d3 0-1


[Site "https://www.chess.com"]

[Event "Titled Tuesday Blitz August 08 Late 2023"]
[White "Principe, Alexander"]
[Black "Ramadoss, Ashokkumar"]
[WhiteFideId "3804542"]
[BlackFideId "5040990"]
[WhiteElo "2565"]
[BlackElo "2295"]
[Result "1/2-1/2"]
[Round "1"]
[TimeControl "180+1"]
[Date "2023.08.08"]
[WhiteClock "0:00:12"]
[BlackClock "0:00:21"]
[Board "146"]

1. e4 e6 2. d4 d5 3. e5 c5 4. c3 Nc6 5. Nf3 Qb6 6. a3 Bd7 7. b4 cxd4 8. cxd4 Rc8 9. Bd3 Nh6 10. Bxh6 gxh6 11. Be2 a5 12. b5 Na7 13. a4 Bb4+ 14. Nbd2 Qc7 15. O-O Qc2 16. Rc1 Qxd1 17. Rfxd1 Ke7 18. Nb3 Ba3 19. Ra1 Bb4 20. Rac1 Rxc1 21. Rxc1 Rc8 22. Rxc8 Nxc8 23. Bd1 Kd8 24. Nc5 Kc7 25. Kf1 Nb6 26. Bc2 Nc4 27. Bxh7 b6 28. Nxd7 Kxd7 29. Ke2 Ke7 30. Bd3 Nb2 31. Bc2 Nc4 32. h4 f6 33. exf6+ Kxf6 34. g4 e5 35. g5+ hxg5 36. hxg5+ Ke6 37. dxe5 Nxe5 38. Nd4+ Kf7 39. f4 Nd7 40. Bb3 Bd6 41. Bxd5+ Kg6 42. Be4+ Kh5 43. Kf3 Nc5 44. Nf5 Bf8 45. Bc2 Ne6 46. Ng3+ Kh4 47. g6 Nd4+ 48. Kf2 Nxc2 49. g7 Bxg7 50. Nf5+ Kg4 51. Nxg7 Kxf4 52. Ke2 Ke4 53. Kd2 Nd4 54. Kc3 Kd5 55. Ne8 Kc5 56. Nf6 Nxb5+ 57. axb5 Kxb5 58. Kb3 a4+ 59. Ka3 Ka5 60. Nd5 b5 61. Nb4 Kb6 62. Nc2 Kc5 63. Nb4 Kc4 64. Na2 Kc5 65. Nb4 Kc4 66. Na2 Kc5 67. Nb4 1/2-1/2


[Site "https://www.chess.com"]

[Event "Titled Tuesday Blitz August 08 Late 2023"]
[White "Pert, Richard G"]
[Black "Vafin, Ayrat"]
[WhiteFideId "404748"]
[BlackFideId "4146530"]
[WhiteElo "2563"]
[BlackElo "2293"]
[Result "1-0"]
[Round "1"]
[TimeControl "180+1"]
[Date "2023.08.08"]
[WhiteClock "0:00:22"]
[BlackClock "0:00:29"]
[Board "148"]

1. d4 d5 2. Bg5 Nf6 3. Bxf6 exf6 4. e3 Be6 5. g3 c6 6. Bg2 f5 7. Ne2 Nd7 8. Nd2 Nf6 9. Nf4 Bd6 10. c4 dxc4 11. Nxe6 fxe6 12. Nxc4 Bb4+ 13. Ke2 O-O 14. Qb3 Qe7 15. Rhc1 Rab8 16. Kf1 Bd6 17. Nxd6 Qxd6 18. Kg1 Kh8 19. Rc5 Nd5 20. Rac1 Rfe8 21. a4 Nf6 22. a5 a6 23. Qc2 Nd7 24. Rc4 Rf8 25. Rd1 Nf6 26. h3 Rbd8 27. Rc5 Nd7 28. Rc3 Nf6 29. Rb3 Rd7 30. Rb6 Nd5 31. Rb3 Nf6 32. Rc1 Nd5 33. Qc5 Qxc5 34. Rxc5 Rff7 35. Bxd5 Rxd5 36. Rxc6 h6 37. Rc5 Rxc5 38. dxc5 Rc7 39. Rc3 Kg8 40. Kf1 Kf7 41. Ke2 e5 42. b4 e4 43. Rc2 Rd7 44. Rd2 Rxd2+ 45. Kxd2 Ke6 46. Kc3 Kd5 47. h4 g6 48. Kb3 g5 49. hxg5 hxg5 50. Kc3 Ke5 51. Kc4 f4 52. gxf4+ gxf4 53. b5 axb5+ 54. Kxb5 fxe3 55. fxe3 Kd5 56. Kb6 Kc4 57. Kxb7 Kd3 58. c6 Kxe3 59. c7 Kf2 60. c8=Q e3 61. Qf5+ Ke2 62. a6 Kd2 63. Qd5+ Kc2 64. Qe4+ Kd2 65. a7 e2 66. Qxe2+ Kxe2 67. a8=Q 1-0


[Site "https://www.chess.com"]

[Event "Titled Tuesday Blitz August 08 Late 2023"]
[White "Rodriguez Santiago, Jaime"]
[Black "Mendez Fortes, Eduardo Jesus"]
[WhiteFideId "3100898"]
[BlackFideId "3502376"]
[WhiteElo "2290"]
[BlackElo "2561"]
[Result "0-1"]
[Round "1"]
[TimeControl "180+1"]
[Date "2023.08.08"]
[WhiteClock "0:00:22"]
[BlackClock "0:01:25"]
[Board "149"]

1. d4 Nf6 2. c4 e6 3. Nc3 Bb4 4. e3 O-O 5. Ne2 Re8 6. a3 Bf8 7. Ng3 c5 8. Bd3 b6 9. O-O Bb7 10. d5 h6 11. e4 d6 12. h3 Nbd7 13. f4 a6 14. b3 Rc8 15. Bb2 e5 16. Nce2 exf4 17. Rxf4 Ne5 18. Bc2 g6 19. Qd2 Bg7 20. Raf1 Nfd7 21. Nc1 Rf8 22. Bb1 Qg5 23. Qf2 h5 24. h4 Qe7 25. Nf5 gxf5 26. exf5 Ng4 27. Qc2 Ndf6 28. Qd3 Qe3+ 29. Qxe3 Nxe3 30. Re1 Rfe8 31. Nd3 Neg4 32. Rxe8+ Rxe8 33. Kf1 Bh6 34. Rf3 Nh2+ 0-1


[Site "https://www.chess.com"]

[Event "Titled Tuesday Blitz August 08 Late 2023"]
[White "Slaby, Jerzy"]
[Black "Garcia-Castany Musellas, Gal.la"]
[WhiteFideId "1121405"]
[BlackFideId "2241803"]
[WhiteElo "2561"]
[BlackElo "2288"]
[Result "1-0"]
[Round "1"]
[TimeControl "180+1"]
[Date "2023.08.08"]
[WhiteClock "0:00:22"]
[BlackClock "0:00:05"]
[Board "150"]

1. e4 c6 2. d4 d5 3. Nc3 dxe4 4. Nxe4 Nf6 5. Ng3 h5 6. h4 Bg4 7. Be2 Bxe2 8. N1xe2 Nbd7 9. c3 e6 10. Bg5 Bd6 11. Ne4 Be7 12. Bxf6 Nxf6 13. Nxf6+ Bxf6 14. g3 e5 15. dxe5 Qxd1+ 16. Rxd1 Bxe5 17. O-O Rd8 18. Kg2 O-O 19. Kf3 Rfe8 20. a4 g6 21. a5 Bc7 22. a6 bxa6 23. Nd4 Rd6 24. b4 Bb6 25. Nb3 Red8 26. Rxd6 Rxd6 27. Ke2 Re6+ 28. Kd3 Re5 29. c4 Bd8 30. Nd4 c5 31. Nc6 Re8 32. bxc5 Bf6 33. Rb1 Rc8 34. Rb8 Rxb8 35. Nxb8 Kf8 36. Nxa6 Ke8 37. Ke4 Kd7 38. Kd5 Bc3 39. c6+ Kc8 40. Nc5 Bb4 41. Na4 Be1 42. Nc5 Bxf2 43. Nb7 Bxg3 44. c5 Bxh4 45. Nd6+ Kc7 46. Nb5+ Kb8 47. c7+ Kc8 48. Kc6 a6 49. Nd6# 1-0


[Site "https://www.chess.com"]

[Event "Titled Tuesday Blitz August 08 Late 2023"]
[White "Cagara, Paulina"]
[Black "Bilan, Danila"]
[WhiteFideId "1124870"]
[BlackFideId "24161918"]
[WhiteElo "2281"]
[BlackElo "2560"]
[Result "0-1"]
[Round "1"]
[TimeControl "180+1"]
[Date "2023.08.08"]
[WhiteClock "0:01:28"]
[BlackClock "0:00:58"]
[Board "151"]

1. e4 c6 2. d4 d5 3. exd5 cxd5 4. Bd3 Nc6 5. c3 Qc7 6. Nf3 Bg4 7. O-O e6 8. Re1 Bd6 9. h3 Bh5 10. Nbd2 Nf6 11. Nf1 O-O 12. Ne3 a6 13. a3 b5 14. g4 Bg6 15. Bxg6 hxg6 16. Ng2 a5 17. Bg5 Ne4 18. Qe2 Rab8 19. Qe3 f5 20. Bf4 b4 21. Bxd6 Qxd6 22. axb4 axb4 23. Ra6 Qc7 24. Ng5 f4 25. Nxe6 fxe3 26. Nxc7 exf2+ 27. Kf1 Ng3# 0-1


[Site "https://www.chess.com"]

[Event "Titled Tuesday Blitz August 08 Late 2023"]
[White "Di Nicolantonio, Lucas"]
[Black "Rabiega, Robert"]
[WhiteFideId "680460"]
[BlackFideId "4601475"]
[WhiteElo "2558"]
[BlackElo "2273"]
[Result "1-0"]
[Round "1"]
[TimeControl "180+1"]
[Date "2023.08.08"]
[WhiteClock "0:01:42"]
[BlackClock "0:01:18"]
[Board "152"]

1. Nf3 d5 2. e3 c5 3. b3 e6 4. Bb2 Nc6 5. Bb5 Bd7 6. O-O Nf6 7. c4 Be7 8. cxd5 exd5 9. d4 cxd4 10. Nxd4 Nxd4 11. Bxd7+ Qxd7 12. Qxd4 O-O 13. Nc3 a6 14. Rfd1 Rfd8 15. h3 h6 16. Rd2 Rac8 17. Rad1 Qf5 18. Ne2 Bc5 19. Qf4 Qxf4 20. Nxf4 d4 21. Bxd4 Bxd4 22. Rxd4 Rxd4 23. Rxd4 Rc2 24. a4 Rc1+ 25. Kh2 Rc2 26. f3 g5 27. Nd3 Rc3 28. b4 Kf8 29. Nc5 Rxe3 30. Nxb7 Ke7 31. Nd6 Re2 32. Nf5+ Ke6 33. Nxh6 Nh5 34. Re4+ Rxe4 35. fxe4 Ke5 36. b5 axb5 37. axb5 Nf6 38. Nxf7+ Kxe4 39. Nxg5+ 1-0


[Site "https://www.chess.com"]

[Event "Titled Tuesday Blitz August 08 Late 2023"]
[White "Tqebuchava, Zurab"]
[Black "Janaszak, Dawid"]
[WhiteFideId "13601113"]
[BlackFideId "1119206"]
[WhiteElo "2271"]
[BlackElo "2557"]
[Result "1/2-1/2"]
[Round "1"]
[TimeControl "180+1"]
[Date "2023.08.08"]
[WhiteClock "0:00:41"]
[BlackClock "0:01:12"]
[Board "153"]

1. e4 c5 2. Nf3 Nc6 3. Bb5 e5 4. Bxc6 bxc6 5. O-O d6 6. h3 Nf6 7. Nc3 Be7 8. d3 O-O 9. Nh2 Ba6 10. f4 exf4 11. Bxf4 Rb8 12. b3 Qa5 13. Ne2 Rbd8 14. Ng3 Rfe8 15. Nf5 Bf8 16. Bg5 Re6 17. Nh6+ gxh6 18. Bxf6 Rxf6 19. Rxf6 Bg7 20. Qf3 Qc3 21. Rf1 Qxf6 22. Qxf6 Bxf6 23. Rxf6 Kg7 24. Rf2 d5 25. exd5 cxd5 26. Re2 c4 27. bxc4 dxc4 28. Re7 cxd3 29. cxd3 Rxd3 30. Rxa7 Rd1+ 31. Kf2 Rd2+ 32. Kg3 Rxa2 33. Ng4 Bc4 34. Rxa2 Bxa2 35. Ne3 Be6 1/2-1/2


[Site "https://www.chess.com"]

[Event "Titled Tuesday Blitz August 08 Late 2023"]
[White "Graif, William"]
[Black "The_Straightforward_Rook"]
[WhiteFideId "2609835"]
[WhiteElo "2557"]
[BlackElo "2270"]
[Result "1-0"]
[Round "1"]
[TimeControl "180+1"]
[Date "2023.08.08"]
[WhiteClock "0:00:08"]
[BlackClock "0:00:00"]
[Board "154"]

1. e4 e5 2. Nf3 Nc6 3. d4 exd4 4. c3 d5 5. Bd3 Nf6 6. e5 Ne4 7. O-O Bg4 8. Re1 Nc5 9. Bb5 d3 10. b4 Ne6 11. Qxd3 Be7 12. Ba4 O-O 13. Bc2 g6 14. Bh6 Re8 15. Qe3 d4 16. Nxd4 Ncxd4 17. cxd4 Qxd4 18. Nc3 Bxb4 19. Nb5 Qc4 20. Bd3 Qd5 21. Reb1 Bc5 22. Qg3 Ng7 23. Qxg4 Qxd3 24. Nxc7 Nf5 25. Nxa8 Nxh6 26. Qf4 Nf5 27. Nc7 Bb6 28. Rd1 Qc3 29. Nd5 Qc5 30. Nf6+ Kf8 31. Nxe8 Kxe8 32. e6 fxe6 33. Rac1 Qe7 34. Re1 Kf7 35. h3 Bd4 36. g4 e5 37. Qf3 Qg5 38. Kh1 1-0


[Site "https://www.chess.com"]

[Event "Titled Tuesday Blitz August 08 Late 2023"]
[White "Merino Garcia, Rafael II"]
[Black "Hajiyev, Kanan"]
[WhiteFideId "2209128"]
[BlackFideId "13404148"]
[WhiteElo "2265"]
[BlackElo "2555"]
[Result "1/2-1/2"]
[Round "1"]
[TimeControl "180+1"]
[Date "2023.08.08"]
[WhiteClock "0:00:12"]
[BlackClock "0:00:06"]
[Board "155"]

1. d4 Nf6 2. Nf3 e6 3. g3 b6 4. Bg2 Bb7 5. O-O Be7 6. c4 O-O 7. d5 exd5 8. Nh4 Ne4 9. cxd5 Bxh4 10. Bxe4 Bf6 11. Nc3 d6 12. Qd3 g6 13. Bh6 Re8 14. Rac1 Nd7 15. b4 a5 16. a3 Ba6 17. Qb1 axb4 18. axb4 Ne5 19. h3 Bc4 20. Bg2 b5 21. Rfe1 Ra3 22. Ne4 Bg7 23. Bxg7 Kxg7 24. Qb2 Rb3 25. Qd4 f6 26. Nd2 Rxb4 27. f4 Nd7 28. Nxc4 bxc4 29. Rxc4 Rxc4 30. Qxc4 f5 31. Qd4+ Qf6 32. Qxf6+ Kxf6 33. Kf2 Nc5 34. Ra1 Rb8 35. Ra7 Rb7 36. Ra8 Rb2 37. Rc8 Rb7 38. Rh8 Kg7 39. Rc8 Nd7 40. e3 Nb6 41. Re8 Kf7 42. Rh8 h5 43. Rh7+ Kf6 44. Bf3 Ra7 45. g4 hxg4 46. hxg4 fxg4 47. Bg2 Ra2+ 48. Kg3 Rc2 49. e4 Rc3+ 50. Kxg4 Nc4 51. Bf3 Ne3+ 52. Kg3 Rc2 53. Rh8 Nf1+ 54. Kg4 Nh2+ 55. Kg3 Nf1+ 56. Kg4 Rh2 57. Rc8 Rc2 58. Rf8+ Kg7 59. Rd8 Nh2+ 60. Kg3 Nf1+ 61. Kg4 Ne3+ 62. Kg3 Nf1+ 63. Kg4 1/2-1/2


[Site "https://www.chess.com"]

[Event "Titled Tuesday Blitz August 08 Late 2023"]
[White "Adan Bermudez, Sergio"]
[Black "alfianasybullina"]
[WhiteFideId "2292726"]
[WhiteElo "2555"]
[BlackElo "2262"]
[Result "1-0"]
[Round "1"]
[TimeControl "180+1"]
[Date "2023.08.08"]
[WhiteClock "0:01:34"]
[BlackClock "0:01:50"]
[Board "156"]

1. c4 e5 2. Nc3 d6 3. Nf3 Nd7 4. d4 exd4 5. Nxd4 g6 6. g3 Bg7 7. Bg2 Ne7 8. O-O O-O 9. Bg5 h6 10. Be3 Ne5 11. b3 N7c6 12. h3 Kh7 13. Rc1 Rb8 14. Nd5 Bd7 15. f4 Nxd4 16. Bxd4 Nc6 17. Bxg7 Kxg7 18. e4 f5 19. exf5 Bxf5 20. g4 Bd7 21. Qd2 Kh7 22. Rce1 Re8 23. Rxe8 Bxe8 24. Qc3 Bf7 25. Nf6+ Kg7 26. Nh5+ Kf8 27. Qg7+ Ke8 28. Re1+ Ne7 29. Nf6# 1-0


[Site "https://www.chess.com"]

[Event "Titled Tuesday Blitz August 08 Late 2023"]
[White "Luczak, Filip"]
[Black "Toropov, Pavel"]
[WhiteFideId "1193686"]
[BlackFideId "24129178"]
[WhiteElo "2260"]
[BlackElo "2554"]
[Result "1-0"]
[Round "1"]
[TimeControl "180+1"]
[Date "2023.08.08"]
[WhiteClock "0:00:17"]
[BlackClock "0:00:17"]
[Board "157"]

1. b3 c5 2. Bb2 Nc6 3. e3 Nf6 4. Nf3 g6 5. Bb5 Bg7 6. O-O O-O 7. d4 cxd4 8. Nxd4 a6 9. Be2 b5 10. c4 b4 11. Nxc6 dxc6 12. Bf3 Bb7 13. Nd2 Qc7 14. Qc2 c5 15. Rad1 Rfd8 16. Bxb7 Qxb7 17. Nf3 Qe4 18. Qc1 h6 19. h3 Kf8 20. Rxd8+ Rxd8 21. Rd1 Rd3 22. Qb1 Rxd1+ 23. Qxd1 Ke8 24. Bxf6 Bxf6 25. Qd5 Qxd5 26. cxd5 Bc3 27. Kf1 Kd7 28. Ke2 Kd6 29. e4 f5 30. Kd3 fxe4+ 31. Kxe4 e6 32. dxe6 Kxe6 33. Nh2 Bf6 34. Nf1 Bd4 35. f3 Be5 36. Ne3 Bd4 37. Nc4 Kf6 38. f4 Ke6 39. g4 Bc3 40. Ne3 Bd4 41. f5+ Kf6 42. fxg6 Kxg6 43. Nf5 Kg5 44. Kd5 Bf2 45. Kc6 h5 46. Kb7 hxg4 47. hxg4 Kxg4 48. Nd6 Kf4 49. Kxa6 Ke5 50. Nc4+ Kd4 51. Kb5 Kd3 52. Ne5+ Kc2 53. Kc4 Kb2 54. Nd3+ Kxa2 55. Nxf2 Ka3 56. Ne4 1-0


[Site "https://www.chess.com"]

[Event "Titled Tuesday Blitz August 08 Late 2023"]
[White "Shapiro, Viktor"]
[Black "Ward, Ieuan C"]
[WhiteFideId "4175700"]
[BlackFideId "406627"]
[WhiteElo "2554"]
[BlackElo "2252"]
[Result "1-0"]
[Round "1"]
[TimeControl "180+1"]
[Date "2023.08.08"]
[WhiteClock "0:02:36"]
[BlackClock "0:02:38"]
[Board "158"]

1. c4 e5 2. Nc3 Nc6 3. g3 g6 4. Bg2 Bg7 5. Nf3 Nge7 6. O-O d6 7. d3 O-O 8. Rb1 Be6 9. b4 Qd7 10. b5 Nd8 11. Ng5 Bg4 12. h3 Bf5 13. e4 Be6 14. Nd5 Nc8 15. f4 Bxd5 16. cxd5 c6 17. bxc6 bxc6 18. Qa4 Nb6 19. Rxb6 1-0


[Site "https://www.chess.com"]

[Event "Titled Tuesday Blitz August 08 Late 2023"]
[White "Kohler, Aran"]
[Black "Santos Flores, Alberto"]
[WhiteFideId "1002856"]
[BlackFideId "3601234"]
[WhiteElo "2250"]
[BlackElo "2554"]
[Result "0-1"]
[Round "1"]
[TimeControl "180+1"]
[Date "2023.08.08"]
[WhiteClock "0:00:44"]
[BlackClock "0:00:24"]
[Board "159"]

1. d4 d5 2. Bf4 Nf6 3. e3 c5 4. c3 Nc6 5. Nd2 Qb6 6. Qb3 c4 7. Qxb6 axb6 8. a3 Bf5 9. Rc1 e6 10. Ngf3 h6 11. Ne5 Nxe5 12. Bxe5 Be7 13. Be2 O-O 14. O-O b5 15. f3 Bg6 16. Rce1 Nd7 17. Bg3 Nb6 18. Bd1 Na4 19. Bxa4 bxa4 20. e4 Bf6 21. Bd6 Rfd8 22. Bb4 Re8 23. e5 Bd8 24. f4 Bd3 25. Rf2 Be7 26. Re3 Bxb4 27. cxb4 Rec8 28. Nf3 Rc6 29. Ne1 Be4 30. Rc3 b5 31. g4 f6 32. exf6 gxf6 33. h4 Kf7 34. Kh2 Rcc8 35. g5 hxg5 36. fxg5 f5 37. Kg3 Kg6 38. Rh2 Rh8 39. Nf3 Bxf3 40. Kxf3 Rae8 41. Kf4 Rh7 42. h5+ Rxh5 43. Rxh5 Kxh5 44. Rh3+ Kg6 45. Rh6+ Kg7 46. Ke5 Re7 47. Rf6 Re8 48. Kd6 Rf8 49. Rxe6 f4 50. Re2 Rf5 51. Rf2 Kg6 52. Kc5 Kxg5 53. Kxb5 f3 54. Kc6 Kf4 55. b5 Ke3 56. Rf1 f2 57. Rc1 f1=Q 58. Rxf1 Rxf1 59. Kxd5 Kd3 60. b6 Rf5+ 61. Kc6 Kxd4 62. b7 Rf8 63. Kc7 Kd3 0-1


[Site "https://www.chess.com"]

[Event "Titled Tuesday Blitz August 08 Late 2023"]
[White "Zirkelbach, Maj"]
[Black "Krasteva, Beloslava"]
[WhiteFideId "14613395"]
[BlackFideId "2922029"]
[WhiteElo "2553"]
[BlackElo "2241"]
[Result "1-0"]
[Round "1"]
[TimeControl "180+1"]
[Date "2023.08.08"]
[WhiteClock "0:00:05"]
[BlackClock "0:00:00"]
[Board "160"]

1. d4 d5 2. c4 e6 3. Nf3 Nf6 4. Nc3 Be7 5. Bf4 O-O 6. e3 c5 7. dxc5 Bxc5 8. Qc2 Nc6 9. Rd1 Qa5 10. a3 Be7 11. Be2 dxc4 12. Bxc4 a6 13. O-O b5 14. Bd3 Bb7 15. Ng5 h6 16. Nge4 Rac8 17. Qb1 b4 18. Nxf6+ Bxf6 19. Ne4 Be7 20. Bd6 Rfe8 21. Bxe7 Rxe7 22. Nd6 Rd8 23. Bh7+ Kf8 24. Be4 Ba8 25. Nc4 Qc7 26. Rxd8+ Qxd8 27. Rd1 Rd7 28. Rxd7 Qxd7 29. axb4 Qd8 30. Bxc6 Bxc6 31. Ne5 Bb5 32. h3 Qd5 33. Nf3 Qd6 34. Qh7 Qd1+ 35. Kh2 Qd6+ 36. g3 Bc6 37. Qh8+ Ke7 38. Nd4 Bb7 39. Qxg7 Qd5 40. f3 e5 41. Qxh6 exd4 42. Qh4+ Ke8 43. Qh8+ Ke7 44. Qxd4 Qxd4 45. exd4 Bxf3 46. g4 Kf6 47. Kg3 Bd5 48. Kf4 Ke6 49. h4 Kf6 50. g5+ Kg6 51. Ke5 Bb3 52. d5 1-0


[Site "https://www.chess.com"]

[Event "Titled Tuesday Blitz August 08 Late 2023"]
[White "Fernandez Hernandez, Gerardo"]
[Black "Keleberda, Tymur"]
[WhiteFideId "2207400"]
[BlackFideId "14174294"]
[WhiteElo "2236"]
[BlackElo "2552"]
[Result "0-1"]
[Round "1"]
[TimeControl "180+1"]
[Date "2023.08.08"]
[WhiteClock "0:00:05"]
[BlackClock "0:01:37"]
[Board "161"]

1. e4 c5 2. Nc3 d6 3. f4 g6 4. Nf3 Bg7 5. Bc4 Nf6 6. d3 O-O 7. O-O e6 8. Qe1 Nc6 9. Qh4 Nd4 10. Nxd4 cxd4 11. Ne2 d5 12. exd5 Nxd5 13. Qxd8 Rxd8 14. Bb3 a5 15. a4 b6 16. Bd2 Ba6 17. g4 h5 18. gxh5 gxh5 19. f5 Rac8 20. fxe6 fxe6 21. Nf4 Nxf4 22. Bxf4 Rc6 23. Rae1 Bc8 24. Be5 Rf8 25. Bxg7 Rxf1+ 26. Kxf1 Kxg7 27. Re5 Rc5 28. Rxc5 bxc5 29. Bc4 h4 30. Kg2 Kf6 31. Kf3 Kf5 32. Bb5 Bb7+ 33. Kf2 e5 34. Be8 Kf4 35. Bg6 Bd5 36. b3 e4 37. dxe4 Bxe4 38. Bxe4 Kxe4 39. Ke2 h3 40. Kf2 d3 41. c3 Kf4 42. Kf1 Kf3 43. Ke1 Kg2 44. Kd2 Kxh2 45. Kxd3 Kg2 0-1


[Site "https://www.chess.com"]

[Event "Titled Tuesday Blitz August 08 Late 2023"]
[White "Soham Kamotra"]
[Black "Vaglio Munoz, Jaime"]
[WhiteFideId "46647490"]
[BlackFideId "6500145"]
[WhiteElo "2552"]
[BlackElo "2234"]
[Result "0-1"]
[Round "1"]
[TimeControl "180+1"]
[Date "2023.08.08"]
[WhiteClock "0:00:02"]
[BlackClock "0:01:21"]
[Board "162"]

1. b3 b5 2. Bb2 Bb7 3. e3 a6 4. f4 Nf6 5. Nf3 e6 6. c4 b4 7. Be2 c5 8. O-O Be7 9. d3 a5 10. a4 O-O 11. h3 d6 12. Nbd2 h6 13. Kh2 Re8 14. g4 Nh7 15. Ne4 Nd7 16. Rg1 d5 17. Ng3 Bf6 18. Ne5 Nxe5 19. fxe5 Bg5 20. Bc1 Nf8 21. d4 dxc4 22. bxc4 Qc7 23. Bb2 Rad8 24. Qd3 Ng6 25. Rad1 cxd4 26. exd4 Nxe5 27. Qb3 Ng6 28. d5 exd5 29. cxd5 Rxe2+ 30. Kh1 Nf4 31. Nxe2 Nxe2 32. Rg2 Ng3+ 33. Qxg3 Bf4 34. Qb3 Qc5 35. Qf3 g5 36. Rgd2 Bxd2 37. Rxd2 Bxd5 38. Rxd5 Qxd5 39. Kg2 Qxf3+ 40. Kxf3 Rd3+ 41. Ke4 Rxh3 0-1


[Site "https://www.chess.com"]

[Event "Titled Tuesday Blitz August 08 Late 2023"]
[White "Gardezi, Arsal"]
[Black "Moral Garcia, Serafin"]
[WhiteFideId "30949521"]
[BlackFideId "2201925"]
[WhiteElo "2233"]
[BlackElo "2552"]
[Result "0-1"]
[Round "1"]
[TimeControl "180+1"]
[Date "2023.08.08"]
[WhiteClock "0:00:00"]
[BlackClock "0:00:28"]
[Board "163"]

1. e4 c5 2. Nf3 e6 3. d4 cxd4 4. Nxd4 Nc6 5. Nc3 Qc7 6. Be3 a6 7. Nxc6 Qxc6 8. Qd2 Nf6 9. f3 Bb4 10. Be2 d5 11. exd5 Nxd5 12. Bd4 O-O 13. O-O b5 14. Rad1 Bxc3 15. bxc3 Bb7 16. Bd3 Rac8 17. Qe1 Nxc3 18. Qh4 h6 19. Qg3 f6 20. Qg6 Nxd1 21. Qh7+ Kf7 22. Bg6+ Ke7 23. Qxg7+ Kd6 24. Rxd1 Qd5 25. Be5+ Kxe5 26. Rxd5+ Bxd5 27. Qxh6 Rfd8 28. g3 Kd6 29. Bd3 Bxa2 30. Qxf6 Bd5 31. Qf4+ Ke7 32. Qg5+ Kd6 33. f4 Rd7 34. Qe5+ Ke7 0-1


[Site "https://www.chess.com"]

[Event "Titled Tuesday Blitz August 08 Late 2023"]
[White "Ballester Llagaria, Luis Eduardo"]
[Black "De Souza, Cristiano Gomes"]
[WhiteFideId "2297620"]
[BlackFideId "2151758"]
[WhiteElo "2550"]
[BlackElo "2231"]
[Result "1/2-1/2"]
[Round "1"]
[TimeControl "180+1"]
[Date "2023.08.08"]
[WhiteClock "0:00:11"]
[BlackClock "0:00:52"]
[Board "164"]

1. e4 c5 2. Nc3 d6 3. d4 cxd4 4. Qxd4 Nc6 5. Qd2 g6 6. b3 Bg7 7. Bb2 Nf6 8. O-O-O Be6 9. h4 h5 10. Nge2 O-O 11. Nf4 Qc8 12. Nxe6 fxe6 13. f3 Kh7 14. Kb1 e5 15. Bc4 a6 16. g4 Nd4 17. g5 Nd7 18. Rhf1 Nxf3 19. Qe3 Nd4 20. Rxf8 Qxf8 21. Rf1 Qd8 22. Ne2 Nxe2 23. Qxe2 Rc8 24. Rf7 Nc5 25. Qf3 Qh8 26. Rxe7 Rf8 27. Rf7 Rxf7 28. Qxf7 Qf8 29. Qxf8 Bxf8 30. Bd5 b6 31. b4 Nd7 32. Bc6 Nb8 33. Be8 Be7 34. c4 Bxg5 35. Bc1 Bxh4 36. Be3 a5 37. b5 Bg3 38. Bxb6 h4 39. Kc2 h3 40. Bg1 h2 41. Bxh2 Bxh2 42. c5 g5 43. Kb3 g4 44. c6 g3 45. c7 g2 46. cxb8=Q g1=Q 47. Qc7+ Kh6 48. Qxd6+ Kg5 49. Qe7+ Kf4 50. Bc6 Qe3+ 51. Kc4 Qe2+ 52. Kd5 Qxa2+ 53. Kd6 Qa3+ 54. Kd7 Qxe7+ 55. Kxe7 Bg1 56. Kd6 Bb6 57. Bd5 a4 58. Kc6 Bd4 59. b6 Bxb6 60. Kxb6 a3 61. Kc5 a2 62. Bxa2 Kxe4 63. Bd5+ Kf4 64. Kd6 e4 65. Bxe4 1/2-1/2


[Site "https://www.chess.com"]